 Dungeon Crawl Stone Soup version 0.17-a0-1738-g82cdc46 (webtiles) character file.

14 shrekt the Conjurer (level 2, -1/17 HPs)
             Began as an Octopode Conjurer on Aug 30, 2015.
             Slain by a kobold
             ... wielding a +0 whip
              (4 damage)
             ... on level 2 of the Dungeon.
             The game lasted 00:04:16 (307 turns).

shrekt the Conjurer (Octopode Conjurer)              Turns: 307, Time: 00:04:16

Health: -1/17      AC:  1    Str:  7    XL:     2   Next: 45%
Magic:  5/5        EV: 12    Int: 17    God:
Gold:   31         SH:  0    Dex: 12    Spells: 1 memorised, 4 levels left

rFire  . . .     SeeInvis .     l - +0 short sword (elec)
rCold  . . .     Clarity  .     (no shield)
rNeg   . . .     SustAt   .     (helmet restricted)
rPois  .         Gourm    .     (no amulet)
rElec  .         Spirit   .     (no ring)
rCorr  .         Warding  .     (no ring)
rMut   .         Stasis   .     (no ring)
MR     .....                    (no ring)
Stlth  +++.......               (no ring)
                                (no ring)
                                (no ring)
                                (no ring)

@: not resistant to hostile enchantments, fairly stealthy
A: almost no armour, amphibious, 8 rings, constrict 8, camouflage 1, gelatinous
body 1
a: no special abilities


You were on level 2 of the Dungeon.
You were not hungry.

You visited 1 branch of the dungeon, and saw 2 of its levels.

You collected 31 gold pieces.

Inventory:

Hand weapons
 e - a +0 dagger
 g - a +0 dagger
 l - a +0 short sword of electrocution (weapon)
 n - a +0 hunting sling
 o - a +0 spear
Missiles
 k - 19 sling bullets of frost
Jewellery
 j - a cursed +3 ring of strength {unknown}
Scrolls
 c - a scroll of teleportation {unknown}
 d - a scroll of remove curse {unknown}
 i - a scroll of identify {unknown}
Potions
 f - a potion of brilliance {unknown}
Books
 a - a book of Conjurations

   Spells                             Type                      Level
   a - Magic Dart                     Conjuration                  1
   b - Searing Ray                    Conjuration                  2
   c - Dazzling Spray                 Conjuration/Hexes            3
   d - Fulminant Prism                Conjuration/Hexes            4
   e - Iskenderun's Mystic Blast      Conjuration                  4
   f - Iskenderun's Battlesphere      Conjuration/Charms           5
Comestibles
 b - a bread ration
 m - a meat ration


   Skills:
 + Level 2.0 Dodging
 + Level 2.8 Stealth
 + Level 2.1 Spellcasting
 + Level 4.4 Conjurations


You had 4 spell levels left.
You knew the following spells:

 Your Spells              Type           Power        Failure   Level  Hunger
a - Magic Dart            Conj           ###.         2%          1    #......


Dungeon Overview and Level Annotations

Branches:
Dungeon (2/15)

Altars:


Innate Abilities, Weirdness & Mutations

You cannot wear most types of armour.
You are amphibious.
You can wear up to eight rings at the same time.
You can use your tentacles to constrict eight enemies at once.
Your skin changes colour to match your surroundings (Stealth).
Your rubbery body absorbs attacks (AC +1).


Message History

Your grab misses the giant newt. The giant newt bites you.
* * * LOW HITPOINT WARNING * * *
The kobold closely misses you.
An adder comes into view.
Found a helmet.
You see here a javelin.
You hear the crackle of electricity.
l - a +0 short sword of electrocution (weapon)
The kobold misses you.
You hit the kobold. Your grab misses the kobold.
The kobold is moderately wounded.
The kobold closely misses you.
You closely miss the giant newt. Your grab misses the giant newt.
The giant newt bites you.
* * * LOW HITPOINT WARNING * * *
The kobold closely misses you.
You hit the kobold but do no damage. Your grab misses the kobold.
The kobold is moderately wounded.
The giant newt misses you. The kobold hits you with a whip.
You die...

#.............#
#+####.............#
...................+
$..................#
..............<....#
.(.................#
?......>..(..l.....#
............wK@....#
#+#########.##+#####
...# ##..[ #....
#..... #......
+......S


You could see a worm, a kobold and a giant newt.

Vanquished Creatures
  An adder (D:2)
  A goblin (D:1)
  A hobgoblin (D:1)
  A kobold (D:1)
  A bat (D:1)
5 creatures vanquished.

Notes
Turn   | Place    | Note
--------------------------------------------------------------
     0 | D:1      | shrekt the Octopode Conjurer began the quest for the Orb.
     0 | D:1      | Reached XP level 1. HP: 11/11 MP: 3/3
   293 | D:2      | Reached XP level 2. HP: 10/17 MP: 5/5
   307 | D:2      | Slain by a kobold

Vault maps used:
D:1:      dpeg_arrival_chase, dk_noncrumbling_2
D:2:      first_bread

Action                   || total
-------------------------++-------
Melee: Dagger            ||    11
       Short sword       ||     3
Throw: Javelin           ||     4
